Map: Ever Dream LE

Players

HeroMarine - Winner!

  • Race: Terran Terran
  • League: Master
  • Spawn Location: 7:00

Kas

  • Race: Terran Terran
  • League: Grandmaster
  • Spawn Location: 1:00

Event: DreamHack SC2 Masters 2020 Fall

VOD

Have the link to the VOD?

Description

Time

  • Played on: Sept. 2, 2020, 1:43 p.m.
  • Length: 12:14

All games in this series

Show
View Real Time Build Order
Export as new Build Order

HeroMarine Terran - Winner!

Build Orders:  

Get SALT Encoding   

  12  0:00  SCV  
  13  0:12  SCV  
  14  0:16  Supply Depot  
  14  0:24  SCV  
  15  0:38  SCV  
  15  0:39  Barracks  
  16  0:43  Refinery  
  16  0:50  SCV  
  17  1:02  SCV  
  18  1:14  SCV  
  19  1:26  Reaper, Orbital Command  
  20  1:42  Bunker  
  20  1:44  Bunker  
  20  1:49  Supply Depot  
  20  1:52  SCV  
  21  1:58  Marine  
  22  2:04  SCV  
  22  2:07  Command Center  
  23  2:16  SCV  
  23  2:18  Factory  
  23  2:21  Barracks Reactor  
  24  2:28  SCV  
  25  2:30  Refinery  
  25  2:40  SCV, Bunker  
  26  2:52  SCV  
  26  2:57  Marine x2  
  29  3:02  Hellion, Starport  
  31  3:09  SCV  
  30  3:17  Marine x2  
  30  3:21  SCV  
  31  3:30  Factory Tech Lab  
  31  3:33  SCV  
  31  3:41  Orbital Command, Marine x2  
  33  3:45  SCV  
  34  3:51  Cyclone  
  34  3:53  Viking  
  37  3:57  SCV  
  37  3:58  Marine x2  
  40  4:07  SCV  
  40  4:09  SCV  
  42  4:14  Refinery  
  42  4:19  SCV  
  42  4:21  SCV  
  46  4:24  Starport Tech Lab  
  46  4:26  Supply Depot  
  46  4:30  Siege Tank  
  46  4:32  SCV  
  46  4:33  SCV  
  46  4:48  SCV x2  
  46  4:49  Raven  
  52  4:57  Supply Depot  
  50  5:00  SCV x2  
  52  5:08  Command Center  
  52  5:12  SCV x2  
  54  5:18  Supply Depot, Siege Tank  
  57  5:24  SCV x2, Marine  
  57  5:25  Marine  
  61  5:36  SCV  
  61  5:39  Supply Depot  
  61  5:40  SCV, Raven  
  64  5:43  Marine  
  64  5:44  Supply Depot, Marine  
  64  5:48  SCV  
  67  5:50  Siege Tank  
  67  5:53  Refinery  
  67  5:55  Supply Depot  
  70  6:01  SCV x2, Marine x2  
  74  6:12  Barracks  
  74  6:13  SCV x2  
  74  6:14  Barracks  
  76  6:21  Orbital Command  
  76  6:25  SCV x2, Engineering Bay  
  77  6:26  Engineering Bay  
  78  6:37  Viking x2, Siege Tank  
  78  6:39  Stimpack  
  85  6:40  SCV  
  85  6:41  SCV  
  85  6:45  Marine  
  88  6:47  Orbital Command  
  88  6:53  SCV x2  
  88  6:54  Terran Infantry Weapons Level 1, Terran Infantry Armor Level 1  
  90  7:00  Barracks Reactor  
  90  7:01  Barracks  
  90  7:02  Barracks Reactor  
  90  7:03  Barracks  
  90  7:05  SCV x2, Marine  
  93  7:15  Viking x2  
  92  7:17  SCV x2  
  92  7:19  SCV  
  97  7:27  Supply Depot  
  97  7:29  SCV  
  99  7:30  SCV  
  99  7:31  SCV  
  99  7:32  Marine  
  100  7:38  Siege Tank  
  100  7:39  Marine x3  
  100  7:40  Marine  
  100  7:41  SCV  
  100  7:42  SCV  
  100  7:43  SCV  
  109  7:47  Supply Depot  
  109  7:48  Supply Depot  
  109  7:50  Supply Depot, Refinery, Marine  
  109  7:51  Refinery  
  110  7:52  Barracks Reactor  
  110  7:54  Sensor Tower  
  110  7:56  SCV x2, Barracks Reactor  
  112  7:59  SCV  
  112  8:01  Marine x3  
  116  8:08  SCV x2  
  116  8:11  SCV  
  117  8:13  Marine x2  
  117  8:14  Siege Tank  
  117  8:16  Medivac  
  117  8:19  Medivac, Marine  
  124  8:20  SCV  
  124  8:22  SCV  
  124  8:23  SCV  
  124  8:26  Marine x2  
  129  8:29  Marine x2  
  131  8:35  Marine x2  
  131  8:37  Marine x2  
  131  8:39  Marine  
  136  8:45  Supply Depot  
  136  8:46  Viking  
  138  8:49  Viking, Marine  
  141  9:06  Combat Shield, Marine  
  141  9:07  Marine x8  
  147  9:14  SCV x2  
  147  9:15  SCV  
  92  9:24  Marine x3  
  92  9:25  Marine x6  
  92  9:26  SCV x2  
  92  9:27  SCV  
  92  9:28  Medivac x2, Siege Tank  
  110  9:42  Armory, Marine x7  
  110  9:44  Marine x2  
  112  9:58  Medivac x2  
  112  9:59  SCV x3  
  117  10:00  Marine x7  
  117  10:05  Marine, Siege Tank  
  128  10:08  Marine  
  129  10:18  Marine x5  
  129  10:21  Marine x2  
  135  10:23  Marine  
  135  10:26  Marine  
  128  10:28  Medivac x2  
  128  10:35  Factory  
  129  10:36  Marine x5  
  129  10:38  Marine  
  129  10:39  Marine  
  129  10:41  Marine  
  137  10:45  Marine  
  138  10:53  Marine  
Show
View Real Time Build Order
Export as new Build Order

Kas Terran 

Build Orders: 1/1/1 

Get SALT Encoding   

  12  0:00  SCV  
  13  0:12  SCV  
  14  0:17  Supply Depot  
  14  0:24  SCV  
  15  0:29  Refinery  
  15  0:38  SCV  
  16  0:46  Barracks  
  16  0:50  SCV  
  16  0:55  Refinery  
  17  1:03  SCV  
  18  1:15  SCV  
  19  1:27  SCV  
  20  1:35  Barracks Reactor, Factory  
  20  1:39  Orbital Command  
  20  1:45  Supply Depot  
  20  2:04  SCV  
  21  2:11  Reaper x2  
  23  2:16  SCV  
  23  2:21  Hellion  
  26  2:26  Starport  
  26  2:28  SCV  
  26  2:40  SCV  
  26  2:43  Hellion, Reaper x2  
  30  2:53  SCV, Supply Depot  
  31  3:08  Factory Tech Lab  
  29  3:21  SCV  
  29  3:22  Marine x2  
  29  3:23  Medivac  
  34  3:30  Cyclone  
  35  3:44  Command Center  
  35  3:45  SCV  
  36  3:51  Marine  
  36  3:52  Marine  
  38  3:58  Starport Tech Lab  
  38  3:59  SCV  
  39  4:08  Supply Depot  
  39  4:18  SCV, Raven, Siege Tank  
  39  4:21  Marine  
  46  4:26  Marine  
  43  4:43  SCV  
  43  4:44  Marine x2  
  42  4:52  Siege Tank  
  44  4:54  Refinery  
  44  4:55  SCV  
  44  4:57  Orbital Command  
  45  5:07  SCV  
  45  5:10  Marine x2  
  48  5:16  Raven  
  48  5:20  SCV  
  51  5:24  SCV  
  51  5:28  Marine x2  
  54  5:32  SCV  
  55  5:36  SCV  
  55  5:38  Siege Tank  
  58  5:44  SCV  
  58  5:45  Command Center  
  59  5:55  SCV  
  59  5:56  SCV  
  61  5:59  Supply Depot  
  61  6:00  Supply Depot  
  61  6:07  SCV  
  61  6:08  SCV  
  61  6:10  Siege Tank  
  66  6:16  Marine  
  66  6:17  Stimpack  
  67  6:19  SCV  
  67  6:21  SCV, Refinery  
  69  6:27  Viking x2  
  69  6:30  Supply Depot  
  69  6:31  Supply Depot  
  69  6:32  SCV  
  74  6:34  SCV  
  74  6:38  Marine  
  76  6:44  SCV  
  76  6:45  Siege Tank  
  80  6:49  SCV  
  81  6:56  SCV  
  81  6:57  Viking x2  
  81  6:58  Orbital Command  
  86  7:02  SCV  
  87  7:11  SCV, Marine  
  87  7:15  Supply Depot, Barracks  
  89  7:16  Barracks  
  89  7:18  Siege Tank  
  89  7:20  Orbital Command  
  92  7:23  SCV  
  92  7:27  SCV  
  92  7:28  Viking  
  92  7:29  Marine  
  97  7:30  Viking  
  97  7:35  SCV  
  99  7:47  Marine  
  99  7:48  SCV x2  
  99  7:50  SCV  
  103  7:52  Engineering Bay  
  103  7:55  Engineering Bay  
  103  7:56  Combat Shield  
  103  8:00  Viking, SCV x2  
  103  8:02  SCV  
  103  8:05  Marine  
  109  8:06  Siege Tank  
  109  8:11  Viking  
  109  8:13  SCV  
  109  8:16  SCV x2  
  109  8:18  Barracks Reactor, Refinery  
  109  8:19  Barracks Reactor  
  107  8:30  Liberator  
  107  8:34  Terran Infantry Weapons Level 1  
  110  8:35  Barracks x2  
  110  8:36  SCV  
  110  8:40  Marine  
  115  8:41  Siege Tank  
  115  8:43  SCV x2  
  117  8:53  SCV  
  119  8:55  SCV x2  
  119  8:56  Refinery  
  109  9:20  Marine  
  96  9:27  Viking x2, Barracks Reactor x2  
  96  9:28  Marine x4  
  102  9:32  Terran Infantry Armor Level 1  
  102  9:33  SCV x2, Supply Depot  
  102  9:34  Armory, Command Center  
  102  9:35  Supply Depot  
  102  9:36  Supply Depot  
  102  9:37  Siege Tank  
  107  9:38  Marine  
  107  9:40  SCV  
  107  9:42  Factory  
  107  9:45  SCV x2, Marine  
  111  9:46  Marine x3  
  112  9:56  Marine  
  112  9:57  SCV x2  
  112  9:59  Medivac x2  
  112  10:03  Marine  
  112  10:04  Marine x3  
  116  10:14  Marine  
  119  10:18  Marine x2  
  122  10:21  Marine  
  111  10:30  Marine x5  
  111  10:31  Factory Tech Lab  
  111  10:32  Marine  
  100  10:36  Marine x2  
  100  10:39  Marine  
  100  10:42  Starport, Barracks  
  100  10:43  Barracks  
  96  10:47  Marine  
  96  10:48  Marine x4  
  96  10:49  Marine  
  96  10:54  Marine x2  

Tags
 
Add a new tag
Caveats
  • Supply blocks, unpowered buildings, or Contaminate may cause inaccurate times.
  • Supply counts are checked every 10 seconds.